 Dungeon Crawl Stone Soup version 0.29-a0-872-g797fff5ad1 (webtiles) character file.

Game seed: 3064567449209291328

27555 RevDB the Bludgeoner (level 13, -1/122 HPs)
             Began as a Minotaur Fighter on July 17, 2022.
             Was the Champion of Okawaru.
             Slain by a cane toad (13 damage)
             ... on level 5 of the Lair of Beasts on July 18, 2022.
             The game lasted 02:02:54 (14106 turns).

RevDB the Bludgeoner (Minotaur Fighter)            Turns: 14106, Time: 02:02:55

Health: -1/122     AC: 26    Str: 25    XL:     13   Next: 5%
Magic:  10/15      EV: 13    Int:  5    God:    Okawaru [******]
Gold:   874        SH:  0    Dex: 11    Spells: 14/14 levels left

rFire   + . .      SeeInvis +   S - +12 quarterstaff "Beostisump" {flame, rElec rF+ SInv}
rCold   . . .      Faith    .   (shield currently unavailable)
rNeg    . . .      Spirit   .   X - +1 plate armour {rPois}
rPois   +          Reflect  .   (helmet restricted)
rElec   +          Harm     .   s - +0 cloak
rCorr   .          Rampage  .   t - +0 pair of gloves
Will    .....                   b - +2 pair of boots
Stlth   ..........              (no amulet)
HPRegen 0.30/turn               i - +4 ring of slaying
MPRegen 0.14/turn               K - +4 ring of evasion

@: about to teleport, heroic
A: horns 2, retaliatory headbutt
a: Renounce Religion, Heroism, Finesse, Duel


You were on level 5 of the Lair of Beasts.
You worshipped Okawaru.
Okawaru was exalted by your worship.
You visited 4 branches of the dungeon, and saw 18 of its levels.

You collected 988 gold pieces.
You spent 114 gold pieces at shops.

Inventory:

Hand Weapons
 M - a +2 morningstar of protection
 Q - a +4 dire flail
 S - the +12 quarterstaff "Beostisump" (weapon) {flame, rElec rF+ SInv}
   (You found it on level 2 of the Lair of Beasts)

   It burns those it strikes, dealing additional fire damage.
   rF:        It protects you from fire.
   rElec:     It insulates you from electricity.
   SInv:      It lets you see invisible.
Missiles
 a - 3 datura-tipped darts
 j - 131 stones
 p - 3 throwing nets
 y - 7 atropa-tipped darts
 E - 37 poisoned darts (quivered)
 I - a curare-tipped dart
 O - 8 javelins
 V - 4 boomerangs
Armour
 b - a +2 pair of boots (worn)
 c - a +0 buckler
 l - the +0 pair of gloves of the Barber Surgeon {Harm Drain rC+}
   (You found it on level 4 of the Dungeon)

   rC:        It protects you from cold.
   Drain:     It drains your maximum health when unequipped.
   Harm:      It increases damage dealt and taken.
 s - a +0 cloak (worn)
 t - a +0 pair of gloves (worn)
 R - a +2 chain mail of fire resistance
 X - a +1 plate armour of poison resistance (worn)
Jewellery
 i - a +4 ring of slaying (left hand)
 K - a +4 ring of evasion (right hand)
Wands
 k - a wand of mindburst (6)
 D - a wand of iceblast (7)
 F - a wand of flame (29)
Scrolls
 e - a scroll of enchant armour
 g - 10 scrolls of teleportation
 n - a scroll of poison
 q - a scroll of fear
 r - 2 scrolls of summoning
 v - 2 scrolls of fog
 w - 2 scrolls of vulnerability
 A - 2 scrolls of magic mapping
 B - a scroll of immolation
 C - 3 scrolls of amnesia
 H - 2 scrolls of silence
 N - 2 scrolls of blinking
 T - a scroll of torment {unknown}
 U - 2 scrolls of enchant weapon
Potions
 d - 5 potions of might
 h - 4 potions of flight
 m - 3 potions of attraction
 u - 3 potions of lignification
 x - 2 potions of berserk rage
 z - a potion of heal wounds {unknown}
 G - 5 potions of curing
 L - 2 potions of magic {unknown}
 P - 2 potions of haste
 Y - 4 potions of mutation {unknown}
 Z - a potion of brilliance {unknown}


   Skills:
 - Level 13.0(18.0) Fighting
 - Level 16.0(21.0) Maces & Flails
 - Level 10.0(15.0) Throwing
 - Level 12.0(17.0) Armour
 - Level 3.6(8.6) Shields
 - Level 1.0 Spellcasting
 + Level 4.2 Invocations


You had 14 spell levels left.
You didn't know any spells.
Your spell library contained the following spells:

 Spells                   Type           Power      Damage    Failure   Level
 Freeze                   Ice            0%         1d3       97%         1
 Shock                    Conj/Air       0%         1d3       97%         1
 Sting                    Tmut/Pois      0%         1d3       97%         1
 Poisonous Vapours        Pois/Air       0%         N/A       99%         2
 Static Discharge         Conj/Air       0%         3-3/arc   99%         2
 Frozen Ramparts          Ice            0%         1d2       100%        3
 Stone Arrow              Conj/Erth      0%         3d7       100%        3
 Corpse Rot               Necr/Pois/Air  0%         N/A       100%        4
 Dispel Undead            Necr           0%         3d6       100%        4
 Hailstorm                Conj/Ice       0%         3d3       100%        4
 Olgreb's Toxic Radiance  Pois           0%         N/A       100%        4
 Lehudib's Crystal Spear  Conj/Erth      0%         10d2      100%        8
 Shatter                  Erth           0%         3d5*      100%        9
 Animate Armour           Summ/Erth      Unusable   N/A       N/A         4
 Death Channel            Necr           Unusable   N/A       N/A         6

Dungeon Overview and Level Annotations

Branches:
Dungeon (11/15)            Temple (1/1) D:6            Lair (3/5) D:11
 Shoals (0/4) Lair:2          Orc (2/2) D:9
  Snake: Lair:2-3    Spider: Lair:2-3       Elf: Orc:2

Altars:
Ashenzari
Cheibriados
Dithmenos
Elyvilon
Fedhas
Gozag
Hepliaklqana
Kikubaaqudgha
Makhleb
Nemelex Xobeh
Okawaru
Qazlal
Ru
Sif Muna
Trog
Uskayaw
Vehumet
Xom
Yredelemnul
Zin
The Shining One

Shops:
D:1 :   D:2 =   D:3 ?   D:6 [   D:7 (


Innate Abilities, Weirdness & Mutations

You have a pair of horns on your head.
You reflexively headbutt those who attack you in melee.


Message History

The blink frog blinks!
The cane toad stings the plant.
The cane toad stings you!
* * * LOW HITPOINT WARNING * * *
The vampire mosquito bites you but does no damage.
The cane toad stings the plant.
The goliath frog hits you but does no damage.
The komodo dragon is engulfed in poison gas.
The komodo dragon looks as sick as possible!
The tyrant leech bites the plant!
The cane toad stings the plant.
The goliath frog barely misses you.
The cane toad stings the plant!!
The cane toad stings you but does no damage.
As you read the scroll of teleportation, it crumbles to dust.
You feel strangely unstable.
The vampire mosquito completely misses you.
You furiously retaliate!
You headbutt the vampire mosquito!!
You destroy the vampire mosquito!
Okawaru accepts your kill. Okawaru grants you ammunition!
Something appears at your feet!
The cane toad stings you but does no damage.
The cane toad stings the plant!
The goliath frog hits you from afar!
* * * LOW HITPOINT WARNING * * *
You are splashed with acid!
* * * LOW HITPOINT WARNING * * *
The cane toad stings the plant!
The goliath frog hits you but does no damage.
The cane toad stings the plant!
The tyrant leech bites the plant!
The cane toad closely misses you. The cane toad barely misses you.
You furiously retaliate!
You headbutt the cane toad. You sock the cane toad! You burn the cane toad.
You headbutt the cane toad.
The cane toad is heavily wounded.
The vampire mosquito bites you but does no damage.
The blink frog blinks!
The cane toad stings you.
* * * LOW HITPOINT WARNING * * *
The cane toad stings the plant!
The plant is poisoned.
The cane toad poisons the plant!
The goliath frog barely misses you. The goliath frog closely misses you.
The cane toad stings the plant!
The vampire mosquito bites you but does no damage.
The cane toad stings you!
You die...

#≈≈☼°P○≈≈≈§
#.≈☼○≈≈°☼○☼ ≈
##PP.○†☼≈°°
○≈ #PP≈≈F≈≈≈#
☼≈≈#P☼°≈≈.°☼#
≈P°≈P$yFFl○☼#
##°P≈FFFFF≈#
#○☼≈≈PF@P#
#°≈☼FFyPP#
#☼≈°.FFw##
§≈°≈≈.F.#
§≈≈P○≈≈≈≈
≈≈°○§≈☼☼#
≈P≈°☼☼☼≈#
○≈§☼≈§§P≈


You could see a tyrant leech, a komodo dragon (extremely poisoned), 2 goliath
frogs, 8 cane toads, 3 blink frogs, 2 vampire mosquitoes and a bullfrog (very
poisoned).

Vanquished Creatures
  A boulder beetle (Lair:2)
  2 hydras (Lair:2)
  An orc knight (Orc:1)
  2 cyclopes (D:11)
  A manticore (D:11)
  A merfolk siren (Lair:2)
  An elephant (Lair:2)
  4 black mambas
  A cane toad (Lair:3)
  A gargoyle (D:11)
  A rime drake (Lair:1)
  6 komodo dragons
  An unseen horror zombie (D:10)
  3 trolls
  3 merfolk (Lair:2)
  A polar bear (Lair:3)
  Prince Ribbit (D:9)
  6 blink frogs
  A tyrant leech (Lair:5)
  3 shadows
  44 yaks
  4 wraiths
  A vampire (D:10)
  5 wyverns
  A basilisk (Lair:3)
  7 vampire mosquitoes
  A warg (D:9)
  2 acid dragons
  9 water moccasins
  A hornet zombie (D:7)
  3 black bears
  6 orc warriors
  A sky beast (D:7)
  An ice beast (D:8)
  3 ogres
  2 wolves (Lair:2)
  2 centaurs
  2 phantoms
  3 kobold brigands
  9 bullfrogs
  3 scorpions
  Blork the orc (D:5)
  2 necrophages
  13 wights
  3 electric eels
  A vampire bat (Lair:2)
  A howler monkey (D:6)
  2 jellies
  3 hounds
  A lava snake (D:7)
  5 centaur zombies
  A human zombie (D:7)
  Crazy Yiuf (D:4)
  13 orc priests
  Jessica (D:3)
  A gnoll bouda (D:5)
  2 iguanas
  18 orc wizards
  4 mummies (D:7)
  A howler monkey zombie (D:7)
  6 gnolls
  2 adders
  4 white imps
  An ufetubus (D:4)
  A worm (D:3)
  2 dart slugs (D:2)
  61 orcs
  8 ball pythons
  7 endoplasms
  3 giant cockroaches
  8 goblins
  6 hobgoblins
  4 jackals (D:1)
  2 quokkas
  16 bats
  A frilled lizard (D:2)
  2 hobgoblin zombies (D:7)
  20 kobolds
  A kobold zombie (D:7)
  An orc zombie (D:7)
  5 rats
386 creatures vanquished.

Vanquished Creatures (others)
  An orc (Orc:1)
  37 fungi
  80 plants
  A withered plant (D:10)
119 creatures vanquished.

Grand Total: 505 creatures vanquished

Notes
Turn   | Place    | Note
-------+----------+-------------------------------------------
     0 | D:1      | RevDB the Minotaur Fighter began the quest for the Orb.
     0 | D:1      | Reached XP level 1. HP: 19/19 MP: 0/0
    22 | D:1      | Got the Atlas of the Brume and Spelunking
    73 | D:1      | Found Leyroh's Book Boutique.
   159 | D:1      | Reached skill level 3 in Maces & Flails
   159 | D:1      | Reached XP level 2. HP: 27/27 MP: 1/1
   563 | D:1      | You fall into a shaft and drop 1 floor!
   609 | D:2      | Found Xodweude's Jewellery Boutique.
   623 | D:2      | Reached skill level 4 in Maces & Flails
   665 | D:2      | Reached XP level 3. HP: 33/33 MP: 2/2
  1183 | D:2      | Reached XP level 4. HP: 38/40 MP: 3/3
  1225 | D:2      | Upgraded the game from 0.29-a0-870-g2c972031a6 to
                  | 0.29-a0-872-g797fff5ad1
  1250 | D:2      | Reached skill level 5 in Maces & Flails
  1723 | D:3      | Found a sacrificial altar of Ru.
  1849 | D:3      | Noticed Jessica
  1854 | D:3      | Killed Jessica
  2068 | D:3      | Found Videgud's Magic Scroll Shop.
  2159 | D:3      | Reached skill level 6 in Maces & Flails
  2159 | D:3      | Reached XP level 5. HP: 40/46 MP: 4/4
  2246 | D:3      | Found a white marble altar of Elyvilon.
  2432 | D:4      | Noticed a phantom
  2435 | D:4      | Killed a phantom
  2436 | D:4      | Reached skill level 7 in Maces & Flails
  2450 | D:4      | Noticed an ogre
  2587 | D:4      | Reached skill level 5 in Fighting
  2587 | D:4      | Reached XP level 6. HP: 56/56 MP: 5/5
  2869 | D:3      | Bought a scroll of enchant weapon for 90 gold pieces
  2869 | D:3      | Bought a scroll of identify for 24 gold pieces
  3271 | D:4      | Found a runed translucent door.
  3272 | D:4      | Noticed Crazy Yiuf
  3279 | D:4      | Killed Crazy Yiuf
  3280 | D:4      | Reached skill level 1 in Spellcasting
  3280 | D:4      | Reached XP level 7. HP: 48/63 MP: 7/7
  3325 | D:4      | Identified the +0 pair of gloves of the Barber Surgeon
                  | {Harm Drain rC+}
  3504 | D:4      | Found a shimmering blue altar of Sif Muna.
  3816 | D:5      | Entered Level 5 of the Dungeon
  3856 | D:5      | Reached skill level 5 in Armour
  3915 | D:5      | Found a glowing silver altar of Zin.
  3950 | D:5      | Noticed Blork the orc
  3964 | D:5      | Killed Blork the orc
  3965 | D:5      | Reached skill level 8 in Maces & Flails
  4119 | D:5      | Found a stormy altar of Qazlal.
  4356 | D:6      | Found Ziore's Antique Armour Emporium.
  4380 | D:6      | Found a staircase to the Ecumenical Temple.
  4396 | D:6      | Reached XP level 8. HP: 73/73 MP: 8/8
  4413 | Temple   | Entered the Ecumenical Temple
  4431 | Temple   | Became a worshipper of Warmaster Okawaru
  4949 | D:7      | Reached skill level 9 in Maces & Flails
  4954 | D:7      | Reached skill level 1 in Throwing
  5097 | D:7      | Found Vest's Weapon Boutique.
  5276 | D:7      | Reached * piety under Okawaru
  5410 | D:7      | Found a hide-covered altar of Uskayaw.
  5675 | D:7      | Found a sparkling altar of Nemelex Xobeh.
  5679 | D:7      | Reached skill level 5 in Throwing
  5713 | D:7      | Found an ancient bone altar of Kikubaaqudgha.
  5757 | D:7      | Reached skill level 10 in Maces & Flails
  5773 | D:7      | Reached XP level 9. HP: 77/81 MP: 9/9
  5880 | D:7      | Reached ** piety under Okawaru
  6083 | D:7      | Found a shimmering altar of Xom.
  6692 | D:8      | Reached skill level 11 in Maces & Flails
  6947 | D:9      | Noticed Prince Ribbit
  6960 | D:9      | Reached skill level 12 in Maces & Flails
  6962 | D:9      | Reached *** piety under Okawaru
  7140 | D:9      | Killed Prince Ribbit
  7141 | D:9      | Reached XP level 10. HP: 88/93 MP: 10/10
  7216 | D:9      | Reached skill level 10 in Fighting
  7934 | D:9      | Found a staircase to the Orcish Mines.
  7992 | Orc:1    | Entered Level 1 of the Orcish Mines
  7997 | Orc:1    | Reached **** piety under Okawaru
  8409 | Orc:2    | Entered Level 2 of the Orcish Mines
  8409 | Orc:2    | Noticed an orc knight
  8887 | Orc:1    | Killed an orc knight
  9108 | D:9      | Found a glowing golden altar of the Shining One.
  9267 | D:9      | Reached skill level 13 in Maces & Flails
  9436 | D:9      | Found a radiant altar of Vehumet.
  9438 | D:9      | Reached ***** piety under Okawaru
  9551 | D:10     | Entered Level 10 of the Dungeon
  9581 | D:10     | Reached XP level 11. HP: 96/104 MP: 11/11
  9649 | D:10     | Found a hazy altar of Hepliaklqana.
  9757 | D:10     | Received a gift from Okawaru
 10202 | D:10     | Reached skill level 14 in Maces & Flails
 10593 | D:11     | Reached skill level 15 in Maces & Flails
 10681 | D:11     | Reached ****** piety under Okawaru
 10942 | D:11     | Received a gift from Okawaru
 10990 | D:11     | Reached skill level 10 in Armour
 11010 | D:11     | Noticed a war gargoyle
 11200 | D:11     | Found a staircase to the Lair.
 11447 | Lair:1   | Entered Level 1 of the Lair of Beasts
 11652 | Lair:1   | Reached XP level 12. HP: 109/113 MP: 12/12
 11663 | Lair:1   | Received a gift from Okawaru
 12749 | Lair:2   | Reached skill level 16 in Maces & Flails
 12770 | Lair:2   | Noticed a boulder beetle
 12779 | Lair:2   | Noticed a seven-headed hydra
 12785 | Lair:2   | Killed a boulder beetle
 12789 | Lair:2   | Killed a seven-headed hydra
 13692 | Lair:2   | Found a staircase to the Shoals.
 13887 | Lair:2   | Noticed a six-headed hydra
 13897 | Lair:2   | Killed a six-headed hydra
 13901 | Lair:2   | Reached skill level 10 in Throwing
 13906 | Lair:2   | Identified the +12 quarterstaff "Beostisump" {flame, rElec
                  | rF+ SInv}
 14024 | Lair:3   | Reached skill level 1 in Invocations
 14089 | Lair:3   | You fall into a shaft and drop 2 floors!
 14089 | Lair:5   | Entered Level 5 of the Lair of Beasts
 14097 | Lair:5   | Received a gift from Okawaru
 14100 | Lair:5   | Reached XP level 13. HP: 112/122 MP: 10/14
 14105 | Lair:5   | Received a gift from Okawaru
 14106 | Lair:5   | Slain by a cane toad

Illustrated notes

Levels and vault maps discovered:
D:1:      ncdulo_halloftheorcs, layout_loops_corners, serial_shops, shop
D:2:      layout_basic, serial_shops, nicolae_shop_behind_doors
D:3:      layout_loops_ring, general_overflow_altar, old_standard_altar,
          serial_shops, shop, uniq_jessica
D:4:      layout_loops_ring, lemuel_blue_sif_altar, uniq_crazy_yiuf_cottage
D:5:      wad_pebble_path, layout_basic, grunt_qazlal_clouds,
          mainiacjoe_overflow_alcove_1, uniq_blork_the_orc
D:6:      layout_basic, minmay_temple_entry_wispy, serial_shops, shop
D:7:      layout_basic, mainiacjoe_overflow_surrounded_room,
          lemuel_mausoleum_altar_kikubaaqudgha, lemuel_round_altar,
          mainiacjoe_overflow_alcove_4, nicolae_inconvenience_store,
          minmay_mini_ossuary
D:8:      layout_basic, serial_aquarium, aquarium_bridge_square
          [aquarium_subvault_window, aquarium_subvault_balcony,
          aquarium_subvault_bridge, aquarium_subvault_bridge],
          aquarium_window_2, aquarium_window_1, aquarium_view_2c,
          aquarium_view_2c
D:9:      layout_basic, mainiacjoe_overflow_concentric_impassable,
          vehumet_altar_wand_db, hiddenorc2_lemuel, uniq_prince_ribbit1
D:10:     layout_loops_ring, lemuel_crystal_altar, serial_undead,
          serial_undead_c, serial_undead_e, serial_undead_e, serial_undead_d
D:11:     layout_loops_ring, due_lair_maze_entry_diamond, wad_dig_loot
Temple:   eino_temple_lava
Lair:1:   layout_chaotic_city, nicolae_quartered_pool_super,
          serial_bayou_lagoon_b, lemuel_fruit_tree
Lair:2:   nzn_winding_woodlands_stair_trap
          [nzn_winding_woodlands_5x15_longhouse,
          nzn_winding_woodlands_5x15_split_checker,
          nzn_winding_woodlands_5x15_concentric,
          nzn_winding_woodlands_15x15_boxy_spiral,
          nzn_winding_woodlands_5x15_garden, nzn_winding_woodlands_5x15_zeroes,
          nzn_winding_woodlands_5x15_pockets], layout_chaotic_city,
          elwin_shoals_entry_stream, roderic_batcave
Lair:3:   layout_gridlike, guppyfry_snake_entry_garden,
          grunt_forest_small_clearings, serial_bayou_shore_a, grunt_megastairs_4
Lair:5:   minmay_lair_end_frog_pond, layout_misc_corridors, serial_forest,
          infiniplex_forest_lined_4_way, infiniplex_forest_clump_diagonal,
          infiniplex_forest_end_double, infiniplex_forest_lined_corner,
          infiniplex_forest_clump_C, infiniplex_forest_lined_3_way,
          infiniplex_forest_straight_5, infiniplex_forest_clump_small,
          infiniplex_forest_lined_2, infiniplex_forest_lined_room_2
Orc:1:    layout_caves, nicolae_volcano_entry_vermiform
Orc:2:    st_orc_rangers, layout_diamond_mine, nicolae_orc_crystal_geode

Skill      XL: |  1  2  3  4  5  6  7  8  9 10 11 12 13 |
---------------+----------------------------------------+-----
Fighting       | 4 5 6 7 9 11 12 13 | 13.0
Maces & Flails | 3 4 6 7 8 10 12 13 15 16 | 16.0
Armour         | 4 5 7 8 10 12 | 12.0
Spellcasting   | 1 |  1.0
Throwing       | 5 7 8 10 | 10.0
Invocations    | 3 4 |  4.2
Shields        | |  3.6

Action                   |  1- 3 |  4- 6 |  7- 9 | 10-12 | 13-15 || total
-------------------------+-------+-------+-------+-------+-------++-------
Melee: Flail             |     9 |       |       |       |       ||     9
       Mace              |    41 |    93 |   163 |       |       ||   297
       Headbutt          |     8 |    12 |    62 |   108 |     3 ||   193
       Morningstar       |       |       |    86 |   609 |       ||   695
       Dire flail        |       |       |    12 |       |       ||    12
       Quarterstaff      |       |       |       |     4 |     5 ||     9
Throw: Stone             |       |       |     6 |    18 |       ||    24
       Dart              |       |       |       |     3 |       ||     3
       Javelin           |       |       |       |     2 |       ||     2
Invok: Heroism           |       |       |       |     2 |       ||     2
  Use: Scroll            |       |     6 |     2 |    14 |     1 ||    23
Armor: Scale mail        |    26 |     4 |       |       |       ||    30
       Plate armour      |       |    25 |   111 |   180 |    10 ||   326
       Chain mail        |       |       |       |   125 |       ||   125
Dodge: Dodged            |    25 |    17 |    48 |   148 |    13 ||   251
Block: Buckler           |     7 |    13 |    34 |    82 |       ||   136

Table legend: (Time is in decaauts)
 A = Elapsed time spent in this place.
 B = Non-inter-level travel time spent in this place.
 C = Inter-level travel time spent in this place.
 D = Time resting spent in this place.
 E = Time spent auto-exploring this place.
 F = Levels seen in this place.
 G = Mean time per level.
                   A        B        C        D        E       F      G
               +--------+--------+--------+--------+--------+-----+--------+
         Total |  14065 |  13398 |    667 |   2452 |   2954 |  18 |  781.4 |
       Dungeon |  10924 |  10312 |    612 |   1839 |   2470 |  11 |  993.1 |
        Temple |     27 |     27 |      0 |      0 |      0 |   1 |   27.0 |
          Lair |   2627 |   2572 |     55 |    413 |    480 |   4 |  656.8 |
  Orcish Mines |    485 |    485 |      0 |    200 |      4 |   2 |  242.5 |
               +--------+--------+--------+--------+--------+-----+--------+

Top non-repeatable levels by time:
     D:9: 1687 daAuts
  Lair:2: 1499 daAuts
     D:7: 1246 daAuts
     D:8: 1212 daAuts
     D:4: 1123 daAuts
  Lair:1: 999 daAuts
    D:11: 950 daAuts
     D:3: 947 daAuts
     D:1: 938 daAuts
    D:10: 915 daAuts
     D:2: 841 daAuts
     D:6: 596 daAuts
   Orc:1: 480 daAuts
     D:5: 463 daAuts
  Lair:3: 114 daAuts
